Map: Deathaura LE

Players

A.I. 2 (Easy) - Winner!

  • Race: Terran Terran
  • Spawn Location: 11:00

Bibizyan

  • Race: Protoss Protoss
  • League: Master
  • Spawn Location: 5:00

VOD

Have the link to the VOD?

Description

Time

  • Played on: March 6, 2021, 7:35 p.m.
  • Length: 4:51
Show
View Real Time Build Order
Export as new Build Order

A.I. 2 (Easy) Terran - Winner!

Build Orders:  

Get SALT Encoding   

  12  0:00  SCV  
  13  0:13  SCV  
  14  0:19  Supply Depot  
  14  0:25  SCV  
  15  0:41  SCV  
  16  0:43  Barracks  
  16  1:08  Command Center  
  16  1:31  Supply Depot  
  16  1:33  Orbital Command, Marine  
  17  1:40  Refinery  
  17  1:51  Refinery, Marine  
  18  1:58  SCV  
  19  2:08  Marine  
  19  2:11  SCV  
  21  2:23  SCV x2  
  21  2:28  Barracks Tech Lab  
  23  2:35  SCV  
  23  2:36  SCV  
  25  2:38  Refinery  
  25  2:46  Marine  
  25  2:50  SCV  
  27  2:55  SCV  
  28  3:02  SCV  
  29  3:07  SCV  
  29  3:08  Reaper  
  31  3:14  SCV  
  32  3:21  SCV  
  32  3:22  Supply Depot  
  32  3:27  SCV  
  34  3:33  SCV  
  35  3:39  Marine, SCV  
  37  3:45  SCV  
  38  3:50  Supply Depot  
  38  3:51  SCV  
  39  3:57  SCV  
  39  3:58  Marauder  
  42  4:03  SCV  
  42  4:09  SCV  
  44  4:14  Factory  
  44  4:15  SCV  
  45  4:19  Marauder  
  47  4:27  SCV  
  47  4:28  Supply Depot  
  48  4:31  SCV  
  52  4:46  Refinery  
Show
View Real Time Build Order
Export as new Build Order

Bibizyan Protoss 

Build Orders: 1 Gate Expand 

Get SALT Encoding   

  12  0:00  Probe  
  13  0:12  Probe  
  14  0:17  Pylon  
  14  0:24  Probe (Chrono Boost)  
  16  0:36  Probe (Chrono Boost), Gateway  
  16  0:42  Probe  
  16  0:46  Assimilator  
  17  0:54  Probe  
  18  1:06  Probe  
  20  1:18  Probe  
  20  1:26  Cybernetics Core  
  20  1:36  Probe, Nexus  
  21  1:43  Pylon  
  21  1:47  Assimilator  
  21  1:48  Probe  
  22  2:00  Probe  
  23  2:03  Adept (Chrono Boost)  
  25  2:11  Shield Battery  
  25  2:12  Probe  
  25  2:13  Warp Gate (Chrono Boost)  
  26  2:25  Robotics Facility  
  26  2:31  Probe  
  26  2:34  Shield Battery  
  27  2:38  Stalker  
  29  2:52  Gateway  
  29  2:59  Shield Battery  
  29  3:02  Gateway  
  29  3:15  Immortal (Chrono Boost)  
  33  3:21  Probe  
  34  3:30  Stalker  
  36  3:37  Pylon  
  36  3:47  Immortal  
  40  3:55  Stalker  
  42  3:59  Stalker  
  44  4:14  Stalker  
  46  4:19  Stalker  
  48  4:25  Stalker  
  48  4:28  Pylon  
  48  4:29  Observer (Chrono Boost)  
  51  4:31  Probe  
  51  4:32  Probe  
Tags
 
League
Master
Matchup
PvT
Spawn Locations
Cross Positions
Add a new tag
Caveats
  • Supply blocks, unpowered buildings, or Contaminate may cause inaccurate times.
  • Supply counts are checked every 10 seconds.